 Dungeon Crawl Stone Soup version 0.22-a0-113-gdd6f4a9 (webtiles) character file.

25 sankara the Sneak (level 2, 0/22 HPs)
             Began as a Vampire Assassin on Jan 28, 2018.
             Slain by an adder (2 damage)
             ... on level 2 of the Dungeon.
             The game lasted 00:03:07 (763 turns).

sankara the Sneak (Vampire Assassin)                 Turns: 763, Time: 00:03:08

Health: 0/22       AC:  3    Str: 10    XL:     2   Next: 82%
Magic:  2/2        EV: 11    Int: 13    God:
Gold:   160        SH:  0    Dex: 15    Spells: 1/1 levels left

rFire    . . .     SeeInvis +   a - +2 dagger
rCold    . . .     Gourm    .   (no shield)
rNeg     + . .     Faith    .   c - +0 robe
rPois    .         Spirit   .   (no helmet)
rElec    .         Reflect  .   d - +0 cloak
rCorr    .         Harm     .   (no gloves)
MR       .....                  (no boots)
Stlth    +++.......             j - amulet of inaccuracy (curse)
HPRegen  0.07/turn              h - +2 ring of evasion
MPRegen  0.08/turn              (no ring)

@: hasted, constricted, very quick
A: fangs 3, see invisible, unbreathing
a: no special abilities


You were on level 2 of the Dungeon.
You were not thirsty.

You visited 1 branch of the dungeon, and saw 2 of its levels.

You collected 160 gold pieces.

Inventory:

Hand Weapons
 a - a +2 dagger (weapon)
 b - a +0 blowgun
Missiles
 e - 24 poisoned needles
 f - 2 curare-tipped needles
 i - 52 stones (quivered)
 l - 29 sling bullets
Armour
 c - a +0 robe (worn)
 d - a +0 cloak (worn)
Jewellery
 h - a +2 ring of evasion (left hand)
 j - a cursed amulet of inaccuracy (around neck)
Scrolls
 n - 2 scrolls of teleportation
Potions
 g - 6 potions of blood
 m - 3 potions of degeneration {unknown}


   Skills:
 - Level 1.7 Fighting
 - Level 2.1 Short Blades
 + Level 2.2 Throwing
 - Level 1.1 Dodging
 + Level 6.6 Stealth


You had one spell level left.
You didn't know any spells.

Dungeon Overview and Level Annotations

Branches:
Dungeon (1/15)

Altars:


Innate Abilities, Weirdness & Mutations

You have razor-sharp teeth.
You have supernaturally acute eyesight. (SInv)
You can survive without breathing.


Message History

The adder is moderately wounded.
The ball python closely misses you.
* * * LOW HITPOINT WARNING * * *
The ball python constricts you.
You hit the adder. You bite the adder.
The adder is heavily wounded.
The adder closely misses you. The leopard gecko barely misses you.
You hit the adder but do no damage. Your bite misses the adder.
The adder is heavily wounded.
The ball python closely misses you. The ball python constricts you.
The adder barely misses you.
The goblin unwields an uncursed hunting sling of freezing.
The goblin wields an uncursed dagger.
The goblin hits you but does no damage. The leopard gecko bites you.
* * * LOW HITPOINT WARNING * * *
You hit the adder.
The adder is severely wounded.
The ball python bites you but does no damage.
The ball python constricts you. The adder bites you.
You die...

####.#.# # ..#.#.#.#.
#.#.#....$ ##
.######.#.#..... ...
.................
.....................
#....#####.#........
#....#g.S..#..##..#.
#....Kl@S..#....l.?.
#..#..###..#.......S
..... ..S.........
...###. ###.##.....
.. #l #.# .. . .. ..#
. .. .# ..


You could see an adder, a leopard gecko, a goblin, 2 ball pythons and a kobold.

Vanquished Creatures
  2 leopard geckos (D:1)
  A ball python (D:1)
  4 goblins (D:1)
  4 hobgoblins (D:1)
  2 jackals (D:1)
  3 kobolds (D:1)
  A bat (D:1)
  A frilled lizard (D:2)
  A rat (D:1)
  A fungus (D:1)
20 creatures vanquished.

Notes
Turn   | Place    | Note
-------+----------+-------------------------------------------
     0 | D:1      | sankara the Vampire Assassin began the quest for the Orb.
     0 | D:1      | Reached XP level 1. HP: 16/16 MP: 1/1
     7 | D:1      | Reached skill level 6 in Stealth
   159 | D:1      | Reached XP level 2. HP: 22/22 MP: 2/2
   733 | D:1      | You fall through a shaft!
   763 | D:2      | Slain by an adder

Vault maps used:
D:1:      dpeg_arrival_simpleton_b, minmay_gold_behind_fungi
D:2:      marbit_many_paths, old_standard_altar

Skill      XL: |  1 |
---------------+----+-----
Stealth        | 6 |  6.6
Throwing       | 2 |  2.2
Fighting       | |  1.7
Short Blades   | |  2.1
Dodging        | |  1.1

Action                   || total
-------------------------++-------
Melee: Dagger            ||    69
       Bite              ||    10
Throw: Stone             ||     6
  Use: Scroll            ||     3
       Potion            ||     1
 Stab: Sleeping          ||     5
Armor: Robe              ||    12
Dodge: Dodged            ||    42

Table legend:
 A = Spawn XP
 B = Non-spawn XP
 C = Spawn XP percentage of total XP
 D = Spawn monster count
 E = Non-spawn monster count
 F = Spawn count percentage of total count
 G = Total turns spent on level
                    A         B        C        D         E        F      G
               +---------+---------+-------+---------+---------+-------+---------
         Total |       0 |      36 |   0.0 |       0 |      19 |   0.0 |   763
               +---------+---------+-------+---------+---------+-------+---------
           D:1 |       0 |      35 |   0.0 |       0 |      18 |   0.0 |   733
           D:2 |       0 |       1 |   0.0 |       0 |       1 |   0.0 |    30
               +---------+---------+-------+---------+---------+-------+---------
